 Dungeon Crawl Stone Soup version 0.32-a0-791-gfc315c9ecd (webtiles) character file.

Game seed: 15760399719608244475

408 Aldia the Covert (level 6, -5/33 HPs)
             Began as a Vampire Enchanter on Mar 20, 2024.
             Slain by a crocodile zombie (7 damage)
             ... in an ossuary.
             The game lasted 00:06:11 (2913 turns).

Aldia the Covert (Vampire Enchanter)                Turns: 2913, Time: 00:06:12

Health: -5/33      AC:  4    Str:  7    XL:     6   Next: 57%
Magic:  3/9        EV: 11    Int: 19    God:
Gold:   218        SH:  0    Dex: 15    Spells: 1/9 levels left

rFire   . . .        j - +3 dagger
rCold   + + .        (no shield)
rNeg    + + +        b - +0 robe
rPois   ∞            a - +0 helmet
rElec   .            m - +0 cloak
rCorr   .            (no gloves)
SInv    +            (no boots)
Will    .....        (no amulet)
Stlth   ++++++       (no ring)
HPRegen 0.00/turn    (no ring)
MPRegen 0.11/turn

%: no passive effects
@: bloodless, inhibited regen
A: bloodless, fangs 3, see invisible, vampiric 2
a: Bat Form, Revivify


You were in an ossuary.
You visited 1 branch of the dungeon, and saw 4 of its levels.
You also visited: Ossuary.

You collected 218 gold pieces.

Inventory:

Hand Weapons
 j - a +3 dagger (weapon)
Armour
 a - a +0 helmet (worn)
 b - a +0 robe (worn)
 m - a +0 cloak (worn)
Magical Staves
 n - a staff of cold
Jewellery
 h - an amulet of guardian spirit
Scrolls
 c - a scroll of noise {unknown}
 e - 5 scrolls of teleportation
 f - a scroll of immolation
 g - 2 scrolls of poison
 k - a scroll of blinking {unknown}
 l - a scroll of revelation {unknown}
 o - a scroll of torment {unknown}
 q - a scroll of enchant weapon {unknown}
 s - a scroll of amnesia {unknown}
Potions
 d - a potion of haste
 i - 2 potions of lignification
 p - 2 potions of berserk rage
 r - a potion of resistance


   Skills:
 + Level 0.3 Fighting
 - Level 5.0 Short Blades
 - Level 2.1 Dodging
 - Level 8.0 Stealth
 * Level 2.2 Spellcasting
 * Level 5.3 Hexes
 - Level 1.0 Ice Magic


You had one spell level left.
You knew the following spells:

 Your Spells              Type           Power      Damage    Failure   Level
a - Ensorcelled Hibernat  Hex/Ice        28%        N/A       7%          2
b - Confusing Touch       Hex            22%        N/A       5%          3
c - Tukima's Dance        Hex            22%        N/A       5%          3

Your spell library contained the following spells:

 Spells                   Type           Power      Damage    Failure   Level
 Necrotise                Necr           8%         1d4       17%         1
 Dazzling Flash           Conj/Hex       24%        N/A       17%         3
 Cigotuvi's Dreadful Rot  Necr/Alch/Air  4%         N/A       26%         2
 Vampiric Draining        Necr           2%         2d6       45%         3
 Dispel Undead            Necr           2%         3d7       86%         4
 Martyr's Knell           Necr/Summ      2%         N/A       86%         4
 Vhi's Electric Charge    Tloc/Air       4%         N/A       86%         4
 Arcjolt                  Conj/Air       1%         1d11      99%         5
 Curse of Agony           Necr           2%         N/A       99%         5
 Maxwell's Capacitive Co  Air            1%         ∞         100%        8


Dungeon Overview and Level Annotations

Branches:
Dungeon (4/15)            Ossuary (1/1)
 Temple: D:4-7

Altars:
Hepliaklqana


Innate Abilities, Weirdness & Mutations

You do not regenerate when monsters are visible.
You are frail without blood (-20% HP).
You can heal yourself when you bite living creatures.
You are immune to poison.
You have razor-sharp teeth.
You have supernaturally acute eyesight. (SInv)
You are afflicted with vampirism and can become a bat while bloodless.


Message History

You bite the crocodile zombie, but do no damage.
The crocodile zombie is moderately damaged.
You hit the crocodile zombie.
The crocodile zombie is moderately damaged.
The crocodile zombie closely misses you.
You hit the crocodile zombie.
The crocodile zombie is heavily damaged.
The crocodile zombie misses you.
Your magical contamination has completely faded away.
You completely miss the crocodile zombie.
The crocodile zombie is heavily damaged.
You closely miss the crocodile zombie. You bite the crocodile zombie.
The crocodile zombie is heavily damaged.
The crocodile zombie misses you.
You barely miss the crocodile zombie.
You bite the crocodile zombie, but do no damage.
The crocodile zombie is heavily damaged.
You barely miss the crocodile zombie.
The crocodile zombie is heavily damaged.
The crocodile zombie closely misses you.
You closely miss the crocodile zombie.
The crocodile zombie is heavily damaged.
The crocodile zombie misses you.
You hit the crocodile zombie.
The crocodile zombie is heavily damaged.
You hit the crocodile zombie but do no damage.
The crocodile zombie is heavily damaged.
The crocodile zombie bites you!
* * * LOW HITPOINT WARNING * * *
The crocodile zombie drags you backwards!
You hit the crocodile zombie.
The crocodile zombie is severely damaged.
You hit the crocodile zombie. Your bite misses the crocodile zombie.
The crocodile zombie is severely damaged.
The crocodile zombie bites you.
* * * LOW HITPOINT WARNING * * *
You hit the crocodile zombie.
The crocodile zombie is almost destroyed.
The crocodile zombie bites you!
You die...

######### ###
#∩..#...#!??!#
#.).'.∩.#!)!!+
#...#...#!!??#
#.@.##### ###
#.Z.# ##+##


You could see a crocodile zombie.

Vanquished Creatures
  Sigmund (D:3)
  A scorpion (D:4)
  A burial acolyte (Ossuary)
  A howler monkey (D:4)
  A mummy (D:4)
  3 adders
  2 ribbon worms (D:3)
  2 dart slugs
  4 endoplasms
  2 giant cockroaches
  5 hobgoblins
  4 jackals (D:1)
  7 kobolds
  3 quokkas
  3 ball pythons
  6 bats
  4 frilled lizards
  7 goblins
  6 rats
63 creatures vanquished.

Notes
Turn   | Place    | Note
-------+----------+-------------------------------------------
     0 | D:1      | Aldia the Vampire Enchanter began the quest for the Orb.
     0 | D:1      | Reached XP level 1. HP: 13/13 MP: 3/3
    59 | D:1      | Found a faded altar of an unknown god.
   481 | D:1      | Reached XP level 2. HP: 19/19 MP: 5/5
   484 | D:1      | Learned a level 2 spell: Ensorcelled Hibernation
   598 | D:1      | Reached skill level 5 in Stealth
  1043 | D:2      | Gained mutation: You are afflicted with vampirism and can
                  | become a bat while bloodless. [Vampire growth]
  1043 | D:2      | Reached XP level 3. HP: 17/19 MP: 6/6
  1053 | D:2      | Learned a level 3 spell: Confusing Touch
  1251 | D:2      | Reached skill level 1 in Ice Magic
  1633 | D:3      | Noticed Sigmund
  1644 | D:3      | Killed Sigmund
  1645 | D:3      | Reached skill level 7 in Stealth
  1645 | D:3      | Reached skill level 5 in Hexes
  1645 | D:3      | Reached XP level 4. HP: 22/24 MP: 0/7
  1645 | D:3      | Reached XP level 5. HP: 26/28 MP: 0/8
  1939 | D:3      | Found a hazy altar of Hepliaklqana.
  2669 | D:4      | Reached skill level 8 in Stealth
  2669 | D:4      | Reached XP level 6. HP: 32/32 MP: 9/9
  2676 | D:4      | Learned a level 3 spell: Tukima's Dance
  2879 | D:4      | Found a sand-covered staircase.
  2884 | D:4      | Reached skill level 5 in Short Blades
  2886 | Ossuary  | Entered an ossuary
  2913 | Ossuary  | Slain by a crocodile zombie

Illustrated notes

Levels and vault maps discovered:
D:1:      orjb1_clovarrival, layout_loops_corners,
          hellmonk_ecumenical_altar_blasted, minmay_pentomino_z2
D:2:      layout_loops_ring
D:3:      layout_loops_corners, nicolae_hepliaklqana_hippocampus,
          palyth_stone_intersect, minmay_fractal_squares_gapless_5, uniq_sigmund
D:4:      layout_gridville, gup_ossuary_entry_pyramid
Ossuary:  ossuary_tomb_2

Skill      XL: |  1  2  3  4  5  6 |
---------------+-------------------+-----
Stealth        | 5 7 8 |  8.0
Short Blades   | 2 3 4 5 |  5.0
Ice Magic      | 1 |  1.0
Hexes          | 5 |  5.3
Fighting       | |  0.3
Dodging        | |  2.1
Spellcasting   | |  2.2

Action                     |  1- 3 |  4- 6 || total
---------------------------+-------+-------++-------
  Melee: Dagger            |   101 |    55 ||   156
         Bite              |     6 |     6 ||    12
   Cast: Ensorcelled Hiber |     6 |    12 ||    18
Ability: Exsanguinate      |     1 |       ||     1
    Use: Scroll            |     5 |     2 ||     7
         Potion            |     2 |     1 ||     3
   Stab: Sleeping          |    16 |    10 ||    26
         Invisible         |     3 |     1 ||     4
 Armour: Robe              |    43 |    28 ||    71
  Dodge: Dodged            |    56 |    19 ||    75

Table legend: (Time is in decaauts)
 A = Elapsed time spent in this place.
 B = Non-inter-level travel time spent in this place.
 C = Inter-level travel time spent in this place.
 D = Time resting spent in this place.
 E = Time spent auto-exploring this place.
 F = Levels seen in this place.
 G = Mean time per level.
                   A        B        C        D        E       F      G
               +--------+--------+--------+--------+--------+-----+--------+
         Total |   2904 |   2875 |     29 |      0 |   2138 |   5 |  580.8 |
       Dungeon |   2881 |   2852 |     29 |      0 |   2138 |   4 |  720.2 |
       Ossuary |     22 |     22 |      0 |      0 |      0 |   1 |   22.0 |
               +--------+--------+--------+--------+--------+-----+--------+

Top non-repeatable levels by time:
     D:3: 1063 daAuts
     D:1: 907 daAuts
     D:2: 655 daAuts
     D:4: 255 daAuts
 Ossuary: 22 daAuts
